 Dungeon Crawl Stone Soup version 0.18-a0-1800-gdc7a371 (webtiles) character file.

5 Murumi the Skirmisher (level 1, -7/18 HPs)
             Began as a Formicid Abyssal Knight on Apr 24, 2016.
             Was a Follower of Lugonu.
             Mangled by a gnoll
             ... wielding a +0 spear
              (9 damage)
             ... on level 1 of the Dungeon.
             The game lasted 00:01:12 (109 turns).

Murumi the Skirmisher (Formicid Abyssal Knight)      Turns: 109, Time: 00:01:12

Health: -7/18      AC:  3    Str: 16    XL:     1   Next: 88%
Magic:  2/2        EV: 11    Int: 11    God:    Lugonu [*.....]
Gold:   31         SH:  0    Dex: 10    Spells: 0 memorised, 0 levels left

rFire  . . .     SeeInvis +     a - +1 falchion
rCold  . . .     Gourm    .     b - +0 leather armour
rNeg   . . .     Faith    .     (no shield)
rPois  .         Spirit   .     (helmet unavailable)
rElec  .         Dismiss  .     (no cloak)
rCorr  .         Reflect  .     (no gloves)
SustAt .         Harm     .     (no boots)
MR     +....                    (no amulet)
Stlth  +.........               (no ring)
                                (no ring)

@: flying, somewhat resistant to hostile enchantments, very unstealthy
A: permanent stasis, dig shafts and tunnels, four strong arms, antennae 3, magic
resistance 1, wild magic 1
a: Dig, Shaft Self, Depart the Abyss, Renounce Religion


You were on level 1 of the Dungeon.
You worshipped Lugonu.
Lugonu was aware of your devotion.
You were not hungry.

You visited 1 branch of the dungeon, and saw 1 of its levels.
You visited the Abyss 1 time.

You collected 31 gold pieces.

Inventory:

Hand Weapons
 a - a +1 falchion (weapon)
Armour
 b - a +0 leather armour (worn)
Comestibles
 c - a bread ration


   Skills:
 - Level 3.2 Fighting
 + Level 2.4 Long Blades
 - Level 2.1 Armour
 - Level 1.0 Dodging
 - Level 2.1 Invocations


You couldn't memorise any spells.
You didn't know any spells.

Dungeon Overview and Level Annotations

Branches:
Dungeon (1/15)

Altars:


Innate Abilities, Weirdness & Mutations

You are under a permanent stasis effect.
You can dig through walls and to a lower floor.
Your four strong arms can wield two-handed weapons with a shield.
You have a pair of large antennae on your head (SInv).
You are resistant to hostile enchantments.
Your spells are a little harder to cast, but a little more powerful.


Message History

The gnoll is lightly wounded.
The gnoll barely misses you.
You hit the gnoll.
The gnoll is moderately wounded.
The gnoll hits you with a spear.
* * * LOW HITPOINT WARNING * * *
You are too injured to fight recklessly!
Drink which item? (? for menu, Esc to quit)
Okay, then.
Drink which item? (? for menu, Esc to quit)
It was a potion of flight.
You feel very buoyant.
You fly up into the air.
The gnoll hits you with a spear.
* * * LOW HITPOINT WARNING * * *
Okay, then.
You slash the gnoll!
The gnoll is almost dead.
The gnoll hits you with a spear!
Ouch! That really hurt!
You die...

..........#..###..# #
#........#.. #..#####
#........#..# #.......
#.......##..###.......
#.......##............
##.......##........####
#......g..#........# #
+.....###g#..####..# #
#.....@#..#..# #..# #
+.....>g#....# #..####
#......####..# #......
........# #..####......
........# #............
........# #.........###
........$ #.........#
..$#+##.. #..#####..#
.. #. #..# #..#


You could see a gnoll.

Vanquished Creatures
  An ooze (D:1)
  A kobold (D:1)
2 creatures vanquished.

Notes
Turn   | Place    | Note
--------------------------------------------------------------
     0 | Abyss:1  | Murumi the Formicid Abyssal Knight began the quest for the Orb.
     0 | Abyss:1  | Reached XP level 1. HP: 18/18 MP: 2/2
    36 | D:1      | Escaped the Abyss
    38 | D:1      | Gained mutation: You are resistant to hostile enchantments. [potion of beneficial mutation]
    39 | D:1      | Gained mutation: Your spells are a little harder to cast, but a little more powerful. [potion of beneficial mutation]
    45 | D:1      | Reached skill level 1 in Dodging
   109 | D:1      | Mangled by a gnoll

Vault maps used:
D:1:      dpeg_arrival_boxorama

Skill      XL: |  1 |
---------------+----+-----
Dodging        | 1 |  1.0
Fighting       | |  3.2
Long Blades    | |  2.4
Armour         | |  2.1
Invocations    | |  2.1

Action                   || total
-------------------------++-------
Melee: Falchion          ||    11
 Abil: Dig               ||     1
  Use: Potion            ||     3
       Scroll            ||     2
Armor: Leather armour    ||     1
Dodge: Dodged            ||     5
